 Dungeon Crawl Stone Soup version 0.32-a0-290-g598725c5f2 (webtiles) character file.

Game seed: 9001599168851975067

16751 cforsyth the Fighter (level 12, -5/101 HPs)
             Began as a Djinni Hexslinger on Feb 13, 2024.
             Slain by a seven-headed hydra (10 damage)
             ... on level 13 of the Dungeon.
             The game lasted 00:25:30 (19634 turns).

cforsyth the Fighter (Djinni Hexslinger)           Turns: 19634, Time: 00:25:30

Health: -5/101     AC: 10    Str:  7    XL:     12   Next: 74%
Gold:   654        EV: 11    Int: 20    God:
                   SH:  0    Dex: 11

rFire   + + +        a - +1 sling
rCold   x . .        (no shield)
rNeg    . . .        q - +0 troll leather armour
rPois   ∞            y - +1 hat {Stlth+}
rElec   .            u - +0 cloak
rCorr   +            m - +0 pair of gloves
SInv    .            (boots unavailable)
Will    +....        (no amulet)
Stlth   ++           I - ring "Feum" {rF+ rCorr Dex-5 Slay+6}
HPRegen 1.16/turn    T - +4 ring of protection
MPRegen 0.00/turn

%: infuse magic (-6 HP)
@: flying
A: sickness immunity, fire resistance 2, cold vulnerability 1, float, innate
caster, HP casting, extra vitality 1
a: no special abilities


You were on level 13 of the Dungeon.
You visited 1 branch of the dungeon, and saw 13 of its levels.

You collected 654 gold pieces.


Innate Abilities, Weirdness & Mutations

You are immune to sickness and miasma.
You are immune to poison.
Your flesh is very heat resistant. (rF++)
You are vulnerable to cold. (rC-)
You float through the air rather than walking.
You learn spells naturally, not from books.
Your magical power is your life essence.
You have superior vitality. (+4 MHP)


   Skills:
 + Level 14.3 Fighting
 - Level 1.5 Ranged Weapons
 - Level 2.1 Dodging
 + Level 11.2 Spellcasting
 + Level 11.2 Conjurations
 + Level 11.2 Hexes
 + Level 11.2 Summonings
 + Level 11.2 Necromancy
 + Level 11.2 Translocations
 + Level 11.2 Fire Magic
 + Level 11.2 Ice Magic
 + Level 11.2 Air Magic
 + Level 11.2 Earth Magic
 + Level 11.2 Alchemy


You knew the following spells:

 Your Spells              Type           Power      Damage    Failure   Level
a - Apportation           Tloc           100%       N/A       1%          1
c - Cause Fear            Hex            27%        N/A       1%          4
f - Inner Flame           Hex/Fire       54%        N/A       1%          3
i - Swiftness             Air            54%        N/A       1%          3
l - Leda's Liquefaction   Alch/Erth      27%        N/A       1%          4
s - Searing Ray           Conj           100%       2d8       1%          2
y - Sticky Flame          Fire/Alch      54%        2d10      1%          4
X - Jinxbite              Hex            100%       N/A       1%          2
Y - Sigil of Binding      Hex            54%        N/A       1%          3
Z - Dimensional Bullseye  Hex/Tloc       27%        N/A       1%          4
Your spell library was empty.

Inventory:

Hand Weapons
 a - a +1 sling (weapon)
Missiles
 x - a throwing net {=f}
Armour
 k - a +0 helmet
 l - +0 ice dragon scales
 m - a +0 pair of gloves (worn)
 q - a +0 troll leather armour (worn)
 u - a +0 cloak (worn)
 y - a +1 hat of stealth (worn)
 F - the +10 chain mail of Free Expression {rPois rN+ Will+}
   (You found it on level 11 of the Dungeon)

   rPois:     It protects you from poison rN+: It protects you from negative
   energy.
   Will+:     It increases your willpower.
Magical Staves
 C - a staff of earth {!a}
Jewellery
 I - the ring "Feum" (left hand) {rF+ rCorr Dex-5 Slay+6}
   (You took it off an orc on level 9 of the Dungeon)

   [ring of resist corrosion]

   Dex-5:     It affects your dexterity (-5).
   Slay+6:    It affects your accuracy & damage with ranged weapons and melee
   (+6).
   rF+:       It protects you from fire.
   rCorr:     It protects you from acid and corrosion.
 R - a ring of resist corrosion
 T - a +4 ring of protection (right hand)
Wands
 c - a wand of iceblast (2)
 j - a wand of polymorph (4)
 G - a wand of charming (4)
 J - a wand of flame (10)
 L - a wand of acid (6)
Scrolls
 b - 2 scrolls of poison
 d - a scroll of acquirement {unknown}
 h - 2 scrolls of enchant weapon {unknown}
 i - 4 scrolls of noise {unknown}
 r - a scroll of enchant armour {unknown}
 s - 3 scrolls of silence {unknown}
 v - 2 scrolls of revelation {unknown}
 A - 5 scrolls of teleportation {unknown}
 B - a scroll of fear {unknown}
 D - a scroll of amnesia {unknown}
 E - a scroll of brand weapon {unknown}
 H - 4 scrolls of identify {@r1}
Potions
 e - 4 potions of ambrosia
 f - 6 potions of curing {@q1}
 g - 2 potions of haste {@q3}
 n - 2 potions of mutation
 o - 2 potions of invisibility {unknown}
 p - 3 potions of heal wounds {@q2}
 t - a potion of brilliance
 w - 2 potions of enlightenment
 z - 2 potions of might {unknown}
 K - a potion of cancellation {unknown}

Dungeon Overview and Level Annotations

Branches:
Dungeon (13/15)            Temple (0/1) D:5            Lair (0/5) D:11
    Orc (0/2) D:10
 Vaults: D:13-14

Altars:
Dithmenos
Elyvilon
Fedhas
Gozag
Trog
Xom
Yredelemnul
The Shining One

Shops:
D:10 *

Annotations:
D:4 2 transporters
D:9 2 transporters, Amaemon; grandjackal's ghost, novice DsGl

#.......##.#...
...~...........
#..~...........
#..............
. ..).......~..
... ........~..
.....#D........
.......@.......
.....#.y...#...
... .......# .
.........#
...........#
..y..~.....#
....≈~<.yW.#
...~≈~..#..#


You could see a seven-headed hydra, a wraith and 3 meliai.


Message History

The seven-headed hydra misses you. The seven-headed hydra bites you.
The seven-headed hydra bites you!
A wraith comes into view.
The seven-headed hydra bites you! The seven-headed hydra bites you.
The seven-headed hydra bites you but does no damage.
The seven-headed hydra bites you!
* * * LOW HITPOINT WARNING * * *
The seven-headed hydra misses you. The seven-headed hydra bites you!
* * * LOW HITPOINT WARNING * * *
The seven-headed hydra bites you!
* * * LOW HITPOINT WARNING * * *
There is a stone staircase leading up here.
Unknown command.
Unknown command.
Casting: Inner Flame (safe; 1% risk of failure)
Confirm with . or Enter, or press ? or * to list all spells.
Casting: Cause Fear (mildly dangerous; 1% risk of failure)
Press: ? - help, Dir - look around, f - activate The wraith is unaffected.
The seven-headed hydra easily resists.
The meliai easily resists.
The meliai looks frightened!
* * * LOW HITPOINT WARNING * * *
A meliai comes into view.
It is wielding a +0 war axe and wearing a +2 leather armour of positive energy.
The meliai invokes the aid of its god against you.
Something smites you!
* * * LOW HITPOINT WARNING * * *
The seven-headed hydra misses you. The seven-headed hydra bites you!
* * * LOW HITPOINT WARNING * * *
The seven-headed hydra bites you but does no damage.
The seven-headed hydra bites you!
You die...

Skill      XL: |  1  2  3  4  5  6  7  8  9 10 11 12 |
---------------+-------------------------------------+-----
Spellcasting   | 3 4 5 6 7 9 10 11 | 11.2
Conjurations   | 3 4 5 6 7 9 10 11 | 11.2
Hexes          | 3 4 5 6 7 9 10 11 | 11.2
Summonings     | 3 4 5 6 7 9 10 11 | 11.2
Necromancy     | 3 4 5 6 7 9 10 11 | 11.2
Translocations | 3 4 5 6 7 9 10 11 | 11.2
Fire Magic     | 3 4 5 6 7 9 10 11 | 11.2
Ice Magic      | 3 4 5 6 7 9 10 11 | 11.2
Air Magic      | 3 4 5 6 7 9 10 11 | 11.2
Earth Magic    | 3 4 5 6 7 9 10 11 | 11.2
Alchemy        | 3 4 5 6 7 9 10 11 | 11.2
Fighting       | 2 3 4 6 8 9 11 13 14 | 14.3
Ranged Weapons | |  1.5
Dodging        | |  2.1

Action                     |  1- 3 |  4- 6 |  7- 9 | 10-12 || total
---------------------------+-------+-------+-------+-------++-------
   Fire: Sling             |    71 |    95 |    44 |    70 ||   280
   Cast: Jinxbite          |     3 |    24 |     1 |       ||    28
         Inner Flame       |       |    14 |    42 |   175 ||   231
         Searing Ray       |       |     4 |    24 |    95 ||   123
         Sticky Flame      |       |       |     3 |    23 ||    26
         Cause Fear        |       |       |       |     3 ||     3
         Swiftness         |       |       |       |     3 ||     3
  Evoke: Wand              |       |       |     3 |     1 ||     4
    Use: Scroll            |       |       |       |     8 ||     8
 Armour: Robe              |    12 |    38 |    52 |   122 ||   224
         Troll leather arm |       |       |       |    97 ||    97
  Dodge: Dodged            |    10 |    36 |    17 |    90 ||   153

Levels and vault maps discovered:
D:1:      elethiomel_arrival_maze, layout_loops_ring, serial_forest,
          infiniplex_forest_straight_2, infiniplex_forest_lined_3,
          infiniplex_forest_zigzag_2, infiniplex_forest_end_double,
          infiniplex_forest_clump_small
D:2:      minmay_skewed_foursquare, layout_basic, uniq_sigmund
D:3:      layout_basic, nicolae_overflow_crystal_walls,
          lemuel_zombie_altar_kikubaaqudgha, uniq_terence
D:4:      gammafunk_wand_slinger, layout_rooms,
          mainiacjoe_overflow_surrounded_room, uniq_grinder, uniq_natasha
D:5:      layout_cave_pods, mainiacjoe_overflow_paths, temple_pool_b
D:6:      layout_loops_ring, lemuel_coloured_pillars_altar,
          dilly_guarded_unrand_devastator, uniq_maggie
D:7:      layout_basic, yredelemnul_altar_generic, trog_hazing_becter,
          the_hattery, uniq_duvessa, uniq_menkaure
D:8:      layout_rooms
D:9:      layout_loops_corners, lemuel_round_altar, lemuel_round_altar,
          gammafunk_ghost_hive, serial_co_window_serial,
          co_window_of_opportunity_a, co_window_paths_a, co_window_paths_b,
          co_window_paths_a, co_window_corner_a, co_window_corner_ca,
          co_window_cross_2, co_window_unsneaky_path_c, co_window_corner_b,
          glass_columns_c, glass_columns_a, glass_columns_a, glass_columns_c,
          glass_columns_b, uniq_amaemon
D:10:     layout_loops_corners, zombieorc2_lemuel,
          nicolae_shop_overcharged_wands
D:11:     layout_roguey, lair_entry_dummy, kennysheep_potato
D:12:     layout_layer_cave, serial_library, serial_library_hellmonk_h_bend,
          serial_library_regret_index_split_case,
          serial_library_hellmonk_small_alcove,
          serial_library_hellmonk_double_dead_end,
          serial_library_hellmonk_layered_room,
          serial_library_hellmonk_hallway_b,
          serial_library_regret_index_branch_corner
D:13:     layout_basic

Notes
Turn   | Place    | Note
-------+----------+-------------------------------------------
     0 | D:1      | cforsyth the Djinni Hexslinger began the quest for the Orb.
     0 | D:1      | cforsyth set off with the following spells memorised:
                  | Jinxbite, Sigil of Binding, Inner Flame, Cause Fear,
                  | Dimensional Bullseye.
     0 | D:1      | Reached XP level 1. HP: 17/17 MP: 0/0
   208 | D:1      | Reached XP level 2. HP: 17/22 MP: 0/0
   331 | D:1      | Reached skill level 3 in Spellcasting
   331 | D:1      | Reached skill level 3 in Conjurations
   331 | D:1      | Reached skill level 3 in Hexes
   331 | D:1      | Reached skill level 3 in Summonings
   331 | D:1      | Reached skill level 3 in Necromancy
   331 | D:1      | Reached skill level 3 in Translocations
   331 | D:1      | Reached skill level 3 in Fire Magic
   331 | D:1      | Reached skill level 3 in Ice Magic
   331 | D:1      | Reached skill level 3 in Air Magic
   331 | D:1      | Reached skill level 3 in Earth Magic
   331 | D:1      | Reached skill level 3 in Alchemy
   349 | D:1      | Reached skill level 2 in Fighting
   349 | D:1      | Reached XP level 3. HP: 28/28 MP: 0/0
   349 | D:1      | Learned a level 1 spell: Apportation
   688 | D:1      | Reached XP level 4. HP: 32/34 MP: 0/0
  1165 | D:2      | Noticed Sigmund
  1463 | D:2      | Reached skill level 3 in Fighting
  1624 | D:2      | Reached XP level 5. HP: 39/40 MP: 0/0
  1624 | D:2      | Learned a level 2 spell: Searing Ray
  2035 | D:2      | Killed Sigmund
  2036 | D:2      | Reached skill level 4 in Fighting
  2036 | D:2      | Reached skill level 4 in Spellcasting
  2036 | D:2      | Reached skill level 4 in Conjurations
  2036 | D:2      | Reached skill level 4 in Hexes
  2036 | D:2      | Reached skill level 4 in Summonings
  2036 | D:2      | Reached skill level 4 in Necromancy
  2036 | D:2      | Reached skill level 4 in Translocations
  2036 | D:2      | Reached skill level 4 in Fire Magic
  2036 | D:2      | Reached skill level 4 in Ice Magic
  2036 | D:2      | Reached skill level 4 in Air Magic
  2036 | D:2      | Reached skill level 4 in Earth Magic
  2036 | D:2      | Reached skill level 4 in Alchemy
  2036 | D:2      | Reached XP level 6. HP: 25/47 MP: 0/0
  2604 | D:3      | Noticed Terence
  2618 | D:3      | Killed Terence
  2740 | D:3      | Found a blossoming altar of Fedhas.
  3393 | D:3      | Reached XP level 7. HP: 33/53 MP: 0/0
  3393 | D:3      | Learned a level 3 spell: Swiftness
  3757 | D:4      | Noticed Natasha
  3759 | D:4      | Killed Natasha
  3766 | D:4      | Noticed Grinder
  3767 | D:4      | Paralysed by Grinder for 3 turns
  3778 | D:4      | Killed Grinder
  3779 | D:4      | Reached skill level 5 in Fighting
  4091 | D:4      | Noticed Natasha
  4097 | D:4      | Killed Natasha
  4098 | D:4      | Reached skill level 5 in Spellcasting
  4098 | D:4      | Reached skill level 5 in Conjurations
  4098 | D:4      | Reached skill level 5 in Hexes
  4098 | D:4      | Reached skill level 5 in Summonings
  4098 | D:4      | Reached skill level 5 in Necromancy
  4098 | D:4      | Reached skill level 5 in Translocations
  4098 | D:4      | Reached skill level 5 in Fire Magic
  4098 | D:4      | Reached skill level 5 in Ice Magic
  4098 | D:4      | Reached skill level 5 in Air Magic
  4098 | D:4      | Reached skill level 5 in Earth Magic
  4098 | D:4      | Reached skill level 5 in Alchemy
  4182 | D:4      | Found a transporter.
  4231 | D:4      | Found an opulent altar of Gozag.
  4231 | D:4      | Noticed Natasha
  4237 | D:4      | Killed Natasha
  4260 | D:4      | Reached skill level 6 in Fighting
  4260 | D:4      | Reached XP level 8. HP: 37/61 MP: 0/0
  4417 | D:4      | Found a transporter.
  4620 | D:5      | Entered Level 5 of the Dungeon
  4629 | D:5      | Found a staircase to the Ecumenical Temple.
  4641 | D:5      | Found a glowing golden altar of the Shining One.
  5268 | D:5      | Noticed a two-headed ogre
  5275 | D:5      | Killed a two-headed ogre
  5275 | D:5      | HP: 3/62 [cloud of flame (5)]
  5276 | D:5      | Reached skill level 8 in Fighting
  5276 | D:5      | Reached skill level 6 in Spellcasting
  5276 | D:5      | Reached skill level 6 in Conjurations
  5276 | D:5      | Reached skill level 6 in Hexes
  5276 | D:5      | Reached skill level 6 in Summonings
  5276 | D:5      | Reached skill level 6 in Necromancy
  5276 | D:5      | Reached skill level 6 in Translocations
  5276 | D:5      | Reached skill level 6 in Fire Magic
  5276 | D:5      | Reached skill level 6 in Ice Magic
  5276 | D:5      | Reached skill level 6 in Air Magic
  5276 | D:5      | Reached skill level 6 in Earth Magic
  5276 | D:5      | Reached skill level 6 in Alchemy
  5276 | D:5      | Reached XP level 9. HP: 4/70 MP: 0/0
  5276 | D:5      | Learned a level 4 spell: Sticky Flame
  6386 | D:6      | Reached skill level 7 in Spellcasting
  6386 | D:6      | Reached skill level 7 in Conjurations
  6386 | D:6      | Reached skill level 7 in Hexes
  6386 | D:6      | Reached skill level 7 in Summonings
  6386 | D:6      | Reached skill level 7 in Necromancy
  6386 | D:6      | Reached skill level 7 in Translocations
  6386 | D:6      | Reached skill level 7 in Fire Magic
  6386 | D:6      | Reached skill level 7 in Ice Magic
  6386 | D:6      | Reached skill level 7 in Air Magic
  6386 | D:6      | Reached skill level 7 in Earth Magic
  6386 | D:6      | Reached skill level 7 in Alchemy
  7275 | D:6      | Found the +6 shillelagh "Devastator" {shatter}
  7280 | D:6      | Reached skill level 9 in Fighting
  7287 | D:6      | Noticed Maggie
  7413 | D:6      | Killed Maggie
  7435 | D:6      | Reached XP level 10. HP: 29/78 MP: 0/0
  8143 | D:6      | Found a shimmering altar of Xom.
  8327 | D:7      | Noticed Duvessa
  8330 | D:7      | Noticed Dowan
  8332 | D:7      | Killed Duvessa
  8445 | D:7      | Killed Dowan
  8520 | D:7      | Noticed Menkaure
  8537 | D:7      | Killed Menkaure
  8538 | D:7      | Reached skill level 10 in Fighting
  8782 | D:7      | Reached skill level 8 in Spellcasting
  8782 | D:7      | Reached skill level 8 in Conjurations
  8782 | D:7      | Reached skill level 8 in Hexes
  8782 | D:7      | Reached skill level 8 in Summonings
  8782 | D:7      | Reached skill level 8 in Necromancy
  8782 | D:7      | Reached skill level 8 in Translocations
  8782 | D:7      | Reached skill level 8 in Fire Magic
  8782 | D:7      | Reached skill level 8 in Ice Magic
  8782 | D:7      | Reached skill level 8 in Air Magic
  8782 | D:7      | Reached skill level 8 in Earth Magic
  8782 | D:7      | Reached skill level 8 in Alchemy
  9670 | D:7      | Found a basalt altar of Yredelemnul.
  9753 | D:7      | Found a bloodstained altar of Trog.
  9805 | D:7      | HP: 5/81 [cloud of flame (7)]
 10149 | D:8      | Noticed a two-headed ogre
 10160 | D:7      | Killed a two-headed ogre
 11055 | D:8      | Reached skill level 11 in Fighting
 11769 | D:9      | Reached skill level 9 in Spellcasting
 11769 | D:9      | Reached skill level 9 in Conjurations
 11769 | D:9      | Reached skill level 9 in Hexes
 11769 | D:9      | Reached skill level 9 in Summonings
 11769 | D:9      | Reached skill level 9 in Necromancy
 11769 | D:9      | Reached skill level 9 in Translocations
 11769 | D:9      | Reached skill level 9 in Fire Magic
 11769 | D:9      | Reached skill level 9 in Ice Magic
 11769 | D:9      | Reached skill level 9 in Air Magic
 11769 | D:9      | Reached skill level 9 in Earth Magic
 11769 | D:9      | Reached skill level 9 in Alchemy
 11769 | D:9      | Reached XP level 11. HP: 35/87 MP: 0/0
 11769 | D:9      | Learned a level 4 spell: Leda's Liquefaction
 11925 | D:9      | Identified the ring "Feum" {rF+ rCorr Dex-5 Slay+6}
 11982 | D:9      | Noticed a meliai
 12232 | D:9      | Found a shadowy altar of Dithmenos.
 12764 | D:9      | Identified the +9 spear "Lagoru" {protect, rElec rF+ SInv
                  | Stlth+}
 12771 | D:9      | Found a transporter.
 12792 | D:9      | Noticed Amaemon
 12792 | D:9      | Noticed a boulder beetle
 12804 | D:9      | Noticed grandjackal's ghost (novice DsGl)
 12854 | D:10     | Entered Level 10 of the Dungeon
 12872 | D:10     | Reached skill level 12 in Fighting
 14234 | D:10     | Found a staircase to the Orcish Mines.
 14508 | D:10     | Noticed a centaur warrior
 14745 | D:10     | Killed a centaur warrior
 14999 | D:10     | Reached skill level 10 in Spellcasting
 14999 | D:10     | Reached skill level 10 in Conjurations
 14999 | D:10     | Reached skill level 10 in Hexes
 14999 | D:10     | Reached skill level 10 in Summonings
 14999 | D:10     | Reached skill level 10 in Necromancy
 14999 | D:10     | Reached skill level 10 in Translocations
 14999 | D:10     | Reached skill level 10 in Fire Magic
 14999 | D:10     | Reached skill level 10 in Ice Magic
 14999 | D:10     | Reached skill level 10 in Air Magic
 14999 | D:10     | Reached skill level 10 in Earth Magic
 14999 | D:10     | Reached skill level 10 in Alchemy
 15270 | D:10     | Found Pitupu Kupu's Overcharged Wands.
 15474 | D:11     | Noticed a boulder beetle
 15701 | D:11     | Identified the +10 chain mail of Free Expression {rPois rN+
                  | Will+}
 15775 | D:11     | Noticed a skeletal warrior
 15787 | D:11     | Noticed a skeletal warrior
 15788 | D:11     | Noticed a skeletal warrior
 15791 | D:11     | Killed a skeletal warrior
 15792 | D:11     | Reached skill level 13 in Fighting
 15873 | D:11     | Killed a skeletal warrior
 15874 | D:11     | Reached XP level 12. HP: 41/98 MP: 0/0
 16051 | D:11     | Found a staircase to the Lair.
 16161 | D:11     | Killed a skeletal warrior
 16417 | D:11     | Noticed a skeletal warrior
 16430 | D:11     | Killed a skeletal warrior
 16439 | D:11     | Noticed a skeletal warrior
 16651 | D:9      | Found a transporter.
 16732 | D:9      | Killed a boulder beetle
 16984 | D:9      | Found a white marble altar of Elyvilon.
 17412 | D:10     | Found a staircase to the Orcish Mines.
 17499 | D:10     | Found Pitupu Kupu's Overcharged Wands.
 17709 | D:10     | Killed a skeletal warrior
 18038 | D:11     | Noticed a boulder beetle
 18105 | D:11     | Killed a boulder beetle
 18106 | D:11     | Reached skill level 14 in Fighting
 18106 | D:11     | Reached skill level 11 in Spellcasting
 18106 | D:11     | Reached skill level 11 in Conjurations
 18106 | D:11     | Reached skill level 11 in Hexes
 18106 | D:11     | Reached skill level 11 in Summonings
 18106 | D:11     | Reached skill level 11 in Necromancy
 18106 | D:11     | Reached skill level 11 in Translocations
 18106 | D:11     | Reached skill level 11 in Fire Magic
 18106 | D:11     | Reached skill level 11 in Ice Magic
 18106 | D:11     | Reached skill level 11 in Air Magic
 18106 | D:11     | Reached skill level 11 in Earth Magic
 18106 | D:11     | Reached skill level 11 in Alchemy
 18203 | D:11     | Killed a boulder beetle
 19582 | D:13     | Noticed a centaur warrior
 19588 | D:13     | Killed a centaur warrior
 19590 | D:13     | Noticed a seven-headed hydra
 19634 | D:13     | HP: 5/101 [seven-headed hydra (12)]
 19634 | D:13     | Slain by a seven-headed hydra

Vanquished Creatures
  3 boulder beetles
  2 centaur warriors
  2 two-headed ogres
  5 skeletal warriors
  An ugly thing (D:11)
  A cyclops (D:12)
  A kobold demonologist (D:9)
  Maggie (D:6)
  A komodo dragon (D:9)
  3 trolls
  Grinder (D:4)
  Sigmund (D:2)
  A shadow (D:10)
  A wraith (D:11)
  A wyvern (D:7)
  A spriggan (D:7)
  A vampire (D:11)
  9 yaks
  A basilisk (D:12)
  A steam dragon (D:8)
  Menkaure (D:7)
  2 vampire mosquitoes (D:11)
  3 water moccasins
  2 acid dragons
  Duvessa (D:7)
  3 orc warriors
  2 black bears
  6 ogres
  5 centaurs
  A phantom (D:10)
  2 kobold brigands
  5 bullfrogs
  4 wights (D:9)
  Dowan (D:7)
  3 troll zombies (D:10)
  7 killer bees
  2 bombardier beetles
  6 hounds
  9 orc priests
  A jelly (D:6)
  2 iguanas
  2 sleepcaps
  Terence (D:3)
  10 orc wizards
  Natasha (thrice) (D:4)
  5 ogre zombies (D:10)
  4 gnolls (D:4)
  3 adders
  3 white imps
  2 ufetubi (D:6)
  2 dart slugs
  3 ribbon worms
  21 orcs
  5 bats
  5 endoplasms
  2 giant cockroaches
  2 gnoll zombies (D:10)
  9 goblins
  10 hobgoblins
  4 jackals (D:2)
  4 quokkas
  5 ball pythons
  2 frilled lizards (D:2)
  2 frilled lizard zombies (D:3)
  3 gnoll skeletons (D:10)
  23 kobolds
  3 orc skeletons (D:10)
  17 orc zombies (D:10)
  8 rats
269 creatures vanquished.

Table legend: (Time is in decaauts)
 A = Elapsed time spent in this place.
 B = Non-inter-level travel time spent in this place.
 C = Inter-level travel time spent in this place.
 D = Time resting spent in this place.
 E = Time spent auto-exploring this place.
 F = Levels seen in this place.
 G = Mean time per level.
                   A        B        C        D        E       F      G
               +--------+--------+--------+--------+--------+-----+--------+
         Total |  19724 |  19266 |    458 |   4115 |  12777 |  13 | 1517.2 |
       Dungeon |  19724 |  19266 |    458 |   4115 |  12777 |  13 | 1517.2 |
               +--------+--------+--------+--------+--------+-----+--------+

Top non-repeatable levels by time:
     D:6: 2649 daAuts
     D:9: 2570 daAuts
     D:7: 2549 daAuts
    D:10: 2544 daAuts
     D:2: 1543 daAuts
    D:11: 1450 daAuts
    D:12: 1353 daAuts
     D:5: 1225 daAuts
     D:3: 1185 daAuts
     D:1: 1015 daAuts
     D:4: 938 daAuts
     D:8: 685 daAuts
    D:13: 12 daAuts

Table legend:
 A = Non-vault XP
 B = Vault XP
 C = Vault XP percentage of total XP
 D = Non-vault monster count
 E = Vault monster count
 F = Vault count percentage of total count
                 A         B        C        D         E       F
            +---------+---------+-------+---------+---------+-------
      Total |   20467 |    3464 |  14.5 |     203 |      66 |  24.5
            +---------+---------+-------+---------+---------+-------
        D:1 |      76 |       0 |   0.0 |      28 |       0 |   0.0
        D:2 |      52 |     237 |  82.0 |      15 |       9 |  37.5
        D:3 |     125 |      41 |  24.7 |      15 |       3 |  16.7
        D:4 |     274 |     289 |  51.3 |      13 |       2 |  13.3
        D:5 |    1431 |       0 |   0.0 |       7 |       0 |   0.0
        D:6 |     796 |     627 |  44.1 |      19 |       3 |  13.6
        D:7 |    2064 |     615 |  23.0 |      25 |      10 |  28.6
        D:8 |     683 |       0 |   0.0 |       5 |       0 |   0.0
        D:9 |    3344 |       0 |   0.0 |      32 |       0 |   0.0
       D:10 |    4147 |     753 |  15.4 |      29 |      36 |  55.4
       D:11 |    5613 |     902 |  13.8 |      10 |       3 |  23.1
       D:12 |    1013 |       0 |   0.0 |       4 |       0 |   0.0
       D:13 |     849 |       0 |   0.0 |       1 |       0 |   0.0
            +---------+---------+-------+---------+---------+-------
